 Dungeon Crawl Stone Soup version 0.20.0-15-g7f486f2 (webtiles) character file.

339 vishdafish the Cudgeler (level 6, -4/61 HPs)
             Began as a Troll Fighter on June 27, 2017.
             Slain by vishdafish's ghost (10 damage)
             ... on level 3 of the Dungeon.
             The game lasted 00:04:36 (1581 turns).

vishdafish the Cudgeler (Troll Fighter)             Turns: 1581, Time: 00:04:38

Health: -4/61      AC:  5    Str: 30    XL:     6   Next: 29%
Magic:  5/5        EV:  9    Int:  4    God:
Gold:   81         SH: 10    Dex: 11    Spells: 5/5 levels left

rFire    . . .     SeeInvis .   a - +0 flail
rCold    . . .     Gourm    +   c - +0 shield
rNeg     . . .     Faith    .   b - +0 robe
rPois    .         Spirit   .   (helmet restricted)
rElec    .         Reflect  .   (no cloak)
rCorr    .         Harm     .   (gloves unavailable)
MR       .....                  (boots unavailable)
Stlth    +.........             (no amulet)
Regen    0.6/turn               (no ring)
MPRegen  0.1/turn               (no ring)

@: mighty
A: unfitting armour, claws 3, fast metabolism 3, gourmand, regeneration 1,
shaggy fur 1, tough skin 2
a: no special abilities


You were on level 3 of the Dungeon.
You were hungry.

You visited 1 branch of the dungeon, and saw 3 of its levels.

You collected 81 gold pieces.

Inventory:

Hand Weapons
 a - a +0 flail (weapon)
Armour
 b - a +0 robe (worn)
 c - a +0 shield (worn)
Scrolls
 g - a scroll of blinking {unknown}
 h - a scroll of noise {unknown}
 i - a scroll of teleportation {unknown}
 k - a scroll of enchant weapon {unknown}
 l - 2 scrolls of fear {unknown}
 m - a scroll of identify {unknown}
 o - a scroll of amnesia {unknown}
 p - a scroll of recharging {unknown}
 r - a scroll of magic mapping {unknown}
 t - a scroll of random uselessness {unknown}
 u - a scroll of immolation {unknown}
 x - a scroll of enchant armour {unknown}
Potions
 e - 2 potions of flight {unknown}
 n - a potion of mutation {unknown}
 q - a potion of magic {unknown}
 s - a potion of heal wounds {unknown}
 v - a potion of curing
 w - a potion of berserk rage {unknown}
Comestibles
 f - 2 bread rations
 j - 5 fruits


   Skills:
 + Level 3.3 Fighting
 + Level 4.0 Maces & Flails
 + Level 3.2 Dodging
 + Level 0.5 Stealth
 + Level 3.4 Shields


You had 5 spell levels left.
You didn't know any spells.

Dungeon Overview and Level Annotations

Branches:
Dungeon (3/15)

Altars:

Annotations:
D:3 vishdafish's ghost, amateur FoFi


Innate Abilities, Weirdness & Mutations

You are too large for most types of armour.
You have claws for hands.
Your metabolism is lightning-fast.
You like to eat raw meat.
Your natural rate of healing is unusually fast.
You are covered in fur. (AC +1)
You have very tough skin. (AC +2)


Message History

Vishdafish's ghost hits you!
The orc shouts!
You hit vishdafish's ghost but do no damage.
Vishdafish's ghost is heavily damaged.
Vishdafish's ghost hits you!
You hit vishdafish's ghost but do no damage.
Vishdafish's ghost is heavily damaged.
Vishdafish's ghost hits you.
You barely miss vishdafish's ghost.
Vishdafish's ghost is heavily damaged.
Vishdafish's ghost hits you! Vishdafish's ghost hits you.
* * * LOW HITPOINT WARNING * * *
You feel very mighty all of a sudden.
The leopard gecko hisses angrily.
Vishdafish's ghost hits you!
* * * LOW HITPOINT WARNING * * *
Your shield prevents you from hitting vishdafish's ghost.
Vishdafish's ghost is heavily damaged.
Vishdafish's ghost hits you!
You die...

...... .....$... .##
........ ..# ..)...## #.#
# ......###.# ########
#.#....##.# #.....##
#.#.....#.####.....#.
...##..#.................
....l.SW@......###......#
.#....o#####....####.#..#
###.o. #..#)##.....##
#.... #..#.##.##.##.
#.... #..#....##.#..
...... #).#....#....>
##..... ...#.......#..
##.... .#......###....
##...#### #..##


You could see vishdafish's ghost, an adder, 2 orcs and a leopard gecko.

Vanquished Creatures
  Sigmund (D:2)
  3 gnolls (D:1)
  9 adders
  An ooze (D:2)
  6 orcs (D:3)
  9 bats
  4 giant cockroaches
  5 goblins
  7 hobgoblins
  3 jackals (D:1)
  2 kobolds (D:1)
  A quokka (D:2)
  6 ball pythons
  5 frilled lizards
  8 rats
70 creatures vanquished.

Notes
Turn   | Place    | Note
-------+----------+-------------------------------------------
     0 | D:1      | vishdafish the Troll Fighter began the quest for the Orb.
     0 | D:1      | Reached XP level 1. HP: 22/22 MP: 0/0
    20 | D:1      | Reached skill level 2 in Maces & Flails
    65 | D:1      | Reached XP level 2. HP: 29/29 MP: 1/1
   488 | D:2      | Reached XP level 3. HP: 33/36 MP: 2/2
   575 | D:1      | HP: 1/36 [gnoll/halberd of venom (9)]
   746 | D:2      | Reached XP level 4. HP: 28/44 MP: 3/3
  1017 | D:2      | Reached skill level 3 in Maces & Flails
  1064 | D:2      | Reached XP level 5. HP: 52/52 MP: 4/4
  1078 | D:2      | Noticed Sigmund
  1085 | D:2      | Killed Sigmund
  1085 | D:2      | Reached XP level 6. HP: 49/61 MP: 5/5
  1383 | D:3      | Reached skill level 4 in Maces & Flails
  1400 | D:3      | Noticed vishdafish's ghost (amateur FoFi)
  1581 | D:3      | Slain by vishdafish's ghost

Skill      XL: |  1  2  3  4  5  6 |
---------------+-------------------+-----
Maces & Flails | 2 3 4 |  4.0
Shields        | 3 |  3.4
Dodging        | 3 |  3.2
Fighting       | 3 |  3.3
Stealth        | |  0.5

Action                   |  1- 3 |  4- 6 || total
-------------------------+-------+-------++-------
Melee: Flail             |   133 |   126 ||   259
  Use: Potion            |     1 |     1 ||     2
 Stab: Sleeping          |       |     2 ||     2
  Eat: Chunk             |     5 |     7 ||    12
Armor: Robe              |    67 |    51 ||   118
Dodge: Dodged            |    72 |    59 ||   131
Block: Shield            |    83 |    63 ||   146
